Map: [ESL] Hecate

Players

soO

  • Race: Zerg Zerg
  • Spawn Location: 1:00

Coffeeame (Coffee) - Winner!

  • Race: Terran Terran
  • League: Master
  • Spawn Location: 7:00

Event: IEM Katowice 2024

VOD

Have the link to the VOD?

Description

Time

  • Played on: Dec. 5, 2023, 4:55 a.m.
  • Length: 16:45

All games in this series

Show
View Real Time Build Order
Export as new Build Order

soO Zerg 

Build Orders: Hatch First 

Get SALT Encoding   

  12  0:00  Drone  
  13  0:11  Overlord  
  13  0:16  Drone  
  14  0:29  Drone  
  14  0:30  Drone  
  16  0:47  Hatchery  
  15  0:50  Drone  
  15  0:54  Drone  
  17  0:58  Drone  
  18  1:08  Extractor  
  17  1:12  Spawning Pool  
  17  1:15  Drone  
  17  1:19  Drone  
  18  1:27  Drone  
  19  1:37  Drone  
  20  1:59  Queen x2  
  20  2:00  Zergling x4  
  26  2:01  Overlord  
  26  2:10  Drone x2  
  28  2:25  Hatchery  
  28  2:26  Drone x2  
  29  2:33  Drone x2  
  31  2:42  Queen  
  33  2:45  Metabolic Boost  
  33  2:50  Overlord  
  33  2:51  Drone  
  34  3:03  Drone x2  
  34  3:04  Overlord  
  36  3:09  Drone x3  
  39  3:16  Drone x2  
  41  3:22  Queen  
  41  3:25  Drone x2  
  45  3:33  Drone  
  46  3:36  Drone  
  46  3:37  Queen  
  46  3:38  Drone  
  50  3:43  Drone x3  
  53  3:49  Drone x2  
  53  3:50  Queen  
  53  3:53  Drone x2  
  58  4:02  Overlord x2  
  58  4:10  Overlord  
  58  4:13  Overlord  
  58  4:15  Overlord  
  58  4:20  Queen, Overlord  
  58  4:21  Queen  
  63  4:24  Drone x3  
  63  4:25  Drone  
  63  4:26  Drone  
  63  4:27  Drone  
  63  4:29  Drone, Spore Crawler  
  63  4:30  Spore Crawler  
  67  4:34  Zergling x2  
  67  4:35  Zergling x4  
  67  4:37  Drone  
  71  4:38  Drone  
  71  4:39  Drone  
  73  4:46  Roach Warren  
  73  4:47  Drone x3  
  73  4:50  Extractor  
  73  4:52  Extractor  
  73  4:54  Drone x4  
  77  5:02  Lair  
  76  5:07  Drone x3  
  76  5:08  Drone x3  
  76  5:09  Drone x2  
  84  5:20  Zergling x2  
  85  5:25  Zergling x2  
  85  5:27  Drone x2  
  77  5:39  Drone x3  
  74  5:46  Drone  
  74  5:47  Drone x3  
  73  5:50  Drone x2  
  73  5:52  Evolution Chamber  
  73  5:55  Extractor, Evolution Chamber  
  73  5:57  Drone  
  73  5:58  Extractor  
  73  5:59  Extractor  
  73  6:00  Glial Reconstitution  
  73  6:03  Drone x2  
  73  6:07  Drone  
  74  6:12  Drone x2, Hatchery  
  75  6:18  Drone  
  75  6:20  Drone  
  75  6:22  Zerg Missile Weapons Level 1, Drone x3, Zerg Ground Armor Level 1  
  75  6:23  Drone, Overlord  
  81  6:31  Roach  
  81  6:32  Roach x4  
  91  6:39  Roach x3  
  97  6:45  Roach  
  99  6:47  Roach x2  
  99  6:50  Roach x2  
  99  6:52  Overlord  
  99  6:53  Overlord  
  105  6:57  Overlord  
  105  7:01  Overlord  
  105  7:08  Overlord, Ravager  
  105  7:11  Overlord  
  105  7:12  Drone  
  105  7:13  Roach x5  
  117  7:17  Roach  
  117  7:21  Roach x6  
  131  7:28  Roach x2  
  135  7:32  Ravager  
  135  7:33  Ravager x2  
  138  7:37  Roach x5  
  138  7:43  Roach  
  150  7:52  Roach x6  
  150  7:53  Overseer  
  160  8:05  Overlord x2  
  160  8:11  Spore Crawler, Overlord  
  157  8:25  Roach x12  
  170  8:28  Roach x5  
  137  8:43  Roach x6  
  149  8:48  Ravager  
  149  8:49  Ravager x4  
  149  8:52  Roach x7  
  168  8:56  Overlord  
  168  9:02  Roach x5  
  178  9:09  Roach x3  
  184  9:19  Extractor, Zerg Ground Armor Level 2, Overlord  
  184  9:21  Zergling x16, Hatchery  
  184  9:23  Overlord  
  190  9:38  Roach x6  
  179  9:39  Roach  
  179  9:42  Roach  
  179  9:44  Roach x3  
  179  9:45  Roach  
  142  9:54  Roach  
  131  10:04  Roach  
  121  10:07  Roach  
  121  10:08  Roach x3  
  121  10:09  Roach  
  129  10:18  Drone x6  
  134  10:26  Roach x3  
  133  10:29  Roach  
  133  10:30  Roach  
  121  10:37  Drone x5  
  121  10:38  Drone  
  121  10:42  Drone x3  
  130  10:45  Drone  
  130  10:46  Drone  
  130  10:48  Drone x2  
  134  10:53  Ravager x2  
  134  10:55  Ravager x3  
  134  10:56  Ravager  
  140  11:02  Queen x2  
  144  11:09  Drone x2  
  144  11:10  Queen  
  144  11:11  Drone x3  
  148  11:18  Zerg Missile Weapons Level 2  
  142  11:22  Roach x5  
  146  11:29  Drone  
  146  11:31  Roach x6  
  159  11:39  Roach  
  171  11:40  Roach x5  
  171  11:46  Roach x5  
  177  11:50  Ravager  
  177  11:53  Roach x5  
  184  11:56  Ravager x2  
  184  12:00  Roach  
  178  12:03  Roach x3  
  178  12:07  Roach  
  185  12:11  Zergling x10  
  184  12:28  Roach x11  
  184  12:29  Zergling x2  
  186  12:30  Roach  
  186  12:36  Roach x3  
  163  12:38  Roach  
  163  12:40  Roach x2  
  163  12:42  Roach  
  150  12:47  Roach x2  
  150  12:49  Roach  
  150  12:50  Roach  
  131  12:55  Roach  
  131  12:56  Roach  
  130  13:00  Ravager  
  130  13:01  Zergling x2  
  130  13:02  Zergling x8  
  135  13:06  Ravager  
  135  13:09  Zergling x4, Roach  
  137  13:14  Roach  
  137  13:16  Roach  
  137  13:17  Roach x3  
  118  13:21  Roach  
  118  13:23  Roach  
  118  13:24  Roach x3  
  118  13:25  Roach x2  
  121  13:28  Roach  
  121  13:29  Queen  
  123  13:35  Ravager x2  
  123  13:38  Zergling x8, Roach x3  
  133  13:48  Roach x4  
  139  13:53  Hatchery  
  131  13:58  Roach x6  
  137  14:04  Roach  
  137  14:05  Roach x2  
  130  14:10  Ravager  
  130  14:11  Ravager  
  130  14:15  Roach x5  
  142  14:28  Roach x6  
  153  14:36  Roach x2  
  140  14:40  Roach  
  140  14:43  Roach x2  
  140  14:44  Roach x2  
  126  14:49  Roach  
  126  14:50  Roach  
  122  14:53  Roach x2  
  122  14:54  Roach  
  122  14:58  Roach x3  
  118  15:05  Ravager  
  108  15:07  Roach x4  
  108  15:11  Roach  
  118  15:15  Drone  
  115  15:26  Roach x6  
  101  15:30  Roach  
  101  15:31  Roach  
  101  15:35  Roach  
  103  15:40  Roach x2  
  97  15:54  Roach x5  
  99  16:01  Roach x4  
  99  16:03  Ravager  
  99  16:04  Ravager x2  
  107  16:10  Roach x3  
  114  16:12  Ravager  
  117  16:18  Roach x3  
  117  16:23  Roach x2  
Show
View Real Time Build Order
Export as new Build Order

Coffeeame Terran - Winner!

Build Orders: Liberator Opening, Reaper Expand 

Get SALT Encoding   

  12  0:00  SCV  
  13  0:12  SCV  
  14  0:16  Supply Depot  
  14  0:24  SCV  
  15  0:38  SCV  
  15  0:39  Barracks  
  15  0:42  Refinery  
  16  0:50  SCV  
  17  1:02  SCV  
  18  1:14  SCV  
  19  1:27  Orbital Command, Reaper  
  20  1:39  Command Center  
  20  1:47  Supply Depot  
  20  1:52  SCV  
  21  1:58  Marine  
  22  2:05  SCV  
  22  2:07  Factory  
  23  2:13  Refinery  
  23  2:17  SCV  
  23  2:20  Barracks Reactor  
  24  2:29  SCV  
  25  2:41  SCV  
  26  2:52  Orbital Command  
  26  2:53  SCV  
  26  2:57  Supply Depot  
  27  3:00  Starport  
  27  3:04  Hellion x2  
  27  3:05  SCV  
  32  3:13  Barracks Tech Lab  
  32  3:17  SCV  
  32  3:18  SCV  
  34  3:25  Hellion  
  34  3:26  Hellion  
  38  3:29  SCV  
  38  3:30  SCV  
  40  3:35  Stimpack  
  40  3:36  Liberator  
  43  3:43  Supply Depot  
  43  3:46  SCV x2  
  45  3:53  Hellion  
  45  3:54  Hellion  
  49  3:58  SCV x2  
  51  4:10  SCV  
  51  4:13  SCV  
  51  4:15  Supply Depot  
  51  4:17  Hellion x2  
  57  4:19  Liberator  
  57  4:22  SCV  
  61  4:26  SCV  
  62  4:33  Command Center  
  62  4:36  SCV  
  62  4:38  SCV  
  64  4:45  Marine  
  64  4:46  Barracks, Factory Reactor  
  64  4:50  Barracks  
  64  4:51  SCV x2  
  67  5:00  Engineering Bay  
  67  5:01  Engineering Bay  
  67  5:03  Starport Reactor, SCV  
  66  5:08  SCV  
  66  5:13  Refinery x2  
  67  5:15  SCV, Marine  
  67  5:20  SCV  
  68  5:28  SCV  
  64  5:31  Terran Infantry Weapons Level 1, Terran Infantry Armor Level 1  
  64  5:35  SCV  
  64  5:38  Barracks x2  
  64  5:39  Combat Shield  
  62  5:47  SCV  
  62  5:48  Marine  
  62  5:49  Factory Reactor, Marine x4  
  59  5:50  SCV  
  59  5:52  Orbital Command  
  58  6:02  Medivac x2  
  58  6:03  SCV x2  
  64  6:06  Marine x2  
  64  6:07  Marine x2  
  64  6:09  Marine  
  69  6:15  SCV x2  
  69  6:18  Orbital Command  
  71  6:24  Supply Depot, Marine x4  
  71  6:25  Supply Depot  
  75  6:27  Marine  
  75  6:28  Barracks Reactor x2, SCV x2  
  75  6:29  Widow Mine x2  
  82  6:34  Medivac  
  84  6:40  SCV  
  84  6:45  SCV  
  84  6:46  Medivac  
  87  6:47  Marine x4  
  87  6:50  SCV  
  87  6:53  Widow Mine x2  
  95  6:58  Supply Depot  
  95  6:59  Supply Depot  
  95  7:00  Supply Depot  
  95  7:03  SCV x3  
  95  7:04  Marine x2  
  95  7:06  Marine  
  101  7:16  Supply Depot  
  101  7:17  Armory  
  101  7:19  Marine x5  
  101  7:22  Marine x2  
  109  7:24  SCV x2, Marine  
  111  7:37  Factory, Marine x5  
  111  7:40  Marine x2  
  111  7:41  Marine  
  111  7:43  Barracks Reactor  
  119  7:50  Siege Tank  
  121  7:55  Marine x3  
  121  7:57  Marine  
  121  7:58  Marine x3  
  125  7:59  Liberator x2, Marine  
  125  8:04  SCV x2  
  132  8:11  Terran Infantry Weapons Level 2, Refinery x2  
  132  8:13  Marine  
  132  8:15  Terran Infantry Armor Level 2  
  132  8:19  Marine  
  133  8:20  Marine x2  
  133  8:21  Marine x2  
  133  8:23  Marine x2  
  133  8:26  Marine x2  
  125  8:29  SCV  
  125  8:30  Marine, SCV  
  109  8:34  SCV  
  109  8:36  Marine  
  109  8:38  Marine x2  
  109  8:39  Marine x2  
  109  8:40  Marine  
  109  8:41  Marine  
  111  8:44  Factory Tech Lab, Marine x2  
  111  8:45  Siege Tank  
  111  8:46  SCV  
  117  8:48  Marine  
  117  8:54  Terran Vehicle Weapons Level 1, Marine  
  119  8:55  Marine x2  
  119  8:56  SCV x2  
  119  8:57  Marine x2  
  119  8:58  Marine x2  
  119  9:01  Marine  
  128  9:08  Marine x2  
  128  9:09  Siege Tank  
  132  9:11  Supply Depot  
  132  9:12  Supply Depot x2, Marine  
  130  9:24  Siege Tank  
  130  9:26  Supply Depot  
  130  9:27  Supply Depot  
  131  9:31  Marine x4  
  131  9:36  Marine  
  125  9:40  Marine x2  
  125  9:41  Siege Tank, Marine x3  
  112  9:49  Marine x4  
  99  9:54  Marine  
  99  9:56  Siege Tank  
  99  9:58  Marine x2  
  99  9:59  Marine x2  
  92  10:07  SCV  
  92  10:08  Marine, SCV x2  
  92  10:09  Marine x2  
  92  10:12  Medivac x2  
  92  10:13  Siege Tank  
  100  10:17  Marine x2  
  100  10:19  Marine  
  100  10:20  SCV x3  
  106  10:26  Orbital Command  
  106  10:28  Marine x2  
  104  10:33  Marine x2  
  104  10:34  Marine x2  
  104  10:35  Siege Tank  
  99  10:40  Terran Infantry Weapons Level 3  
  99  10:42  Marine x2  
  100  10:44  SCV  
  102  10:50  SCV  
  102  10:52  SCV  
  102  10:56  SCV, Supply Depot  
  105  10:58  Marine  
  105  10:59  Marine x4  
  105  11:02  Marine, SCV  
  112  11:04  SCV  
  112  11:11  Marine x4  
  113  11:16  Marine x2  
  113  11:17  Marine x3  
  120  11:25  Marine  
  121  11:27  SCV  
  121  11:29  Siege Tank, Marine x4  
  129  11:34  Marine x5  
  134  11:43  Marine  
  134  11:46  Marine  
  132  11:57  Marine  
  129  12:02  Siege Tank x2  
  129  12:06  Marine x9  
  140  12:12  Supply Depot  
  140  12:13  Supply Depot  
  140  12:14  Supply Depot  
  140  12:15  Marine  
  136  12:21  Terran Infantry Armor Level 3  
  126  12:24  Marine x9  
  128  12:33  Marine  
  128  12:34  Siege Tank  
  119  12:42  Siege Tank, Marine x9  
  115  12:47  SCV x2  
  115  12:51  Marine  
  105  12:56  Medivac  
  105  12:57  Medivac  
  109  12:59  Marine  
  109  13:00  Marine x3  
  109  13:02  Terran Vehicle Weapons Level 2  
  112  13:09  Marine x6  
  117  13:17  Marine  
  117  13:18  Marine x3  
  112  13:24  Siege Tank  
  112  13:25  Siege Tank  
  111  13:27  Marine x3  
  111  13:30  Marine  
  114  13:38  Marine x6  
  120  13:45  Marine  
  117  13:56  Siege Tank  
  117  13:57  Marine x2  
  113  14:08  Marine  
  113  14:09  Marine x7  
  117  14:10  Siege Tank  
  117  14:15  Marine x2  
  122  14:26  Marine x5  
  122  14:27  Marine  
  122  14:28  Marine x2  
  122  14:29  Siege Tank  
  133  14:32  Marine x2  
  133  14:34  Orbital Command  
  129  14:43  Siege Tank  
  129  14:44  Marine x6  
  125  14:46  Marine x2  
  125  14:50  Marine x2  
  109  15:02  Marine x6  
  109  15:04  Marine x2  
  113  15:08  Marine  
  113  15:10  Siege Tank  
  117  15:16  Siege Tank  
  117  15:18  Marine  
  117  15:20  Marine x2  
  118  15:22  Medivac  
  118  15:25  Marine  
  118  15:28  Marine x3  
  114  15:29  Marine x2  
  114  15:31  Medivac  
  114  15:33  Marine  
  117  15:45  Marine  
  117  15:46  Marine x6  
  117  15:47  Marine x2  
  123  15:51  Marine  
  123  15:56  Siege Tank  
  124  15:58  Siege Tank  
  124  16:03  Marine x5  
  124  16:04  Marine x2  
  128  16:06  Marine x2  
  131  16:13  Medivac x2  
  131  16:16  Marine  
  132  16:21  Marine x2  
  132  16:24  Marine x2  
  121  16:26  Marine x2  
  121  16:27  Marine x3  

Tags
 
Add a new tag
Caveats
  • Supply blocks, unpowered buildings, or Contaminate may cause inaccurate times.
  • Supply counts are checked every 10 seconds.